 Dungeon Crawl Stone Soup version 0.27-a0-1278-g6cbc8dfb29 (webtiles) character file.

Game seed: 7609011605367920548

2 spiderkeys the Sneak (level 1, -3/19 HPs)
             Began as a Palentonga Delver on June 12, 2021.
             Slain by an orc priest (5 damage)
             ... in the Ecumenical Temple.
             The game lasted 00:01:05 (56 turns).

spiderkeys the Sneak (Palentonga Delver)              Turns: 56, Time: 00:01:06

Health: -3/19      AC:  4    Str: 15    XL:     1   Next: 25%
Magic:  1/1        EV:  9    Int: 10    God:
Gold:   0          SH:  0    Dex: 11    Spells: 0/0 levels left

rFire    . . .     SeeInvis +   a - +0 falchion
rCold    . . .     Faith    .   (no shield)
rNeg     . . .     Spirit   .   b - +0 leather armour
rPois    .         Reflect  .   (no helmet)
rElec    .         Harm     .   (no cloak)
rCorr    .         Rampage  .   (no gloves)
Will     .....                  (no barding)
Stlth    ++........             (no amulet)
HPRegen  0.06/turn              (no ring)
MPRegen  0.07/turn              (no ring)

@: no status effects
A: large, rugged brown scales 3, see invisible, deformed body, roll 1, armoured
tail
a: Rolling Charge


You were in the Ecumenical Temple.
You visited 2 branches of the dungeon, and saw 2 of its levels.


Innate Abilities, Weirdness & Mutations

You are completely covered in rugged brown scales. (AC +3, +7% HP)
You have supernaturally acute eyesight. (SInv)
Armour fits poorly on your strangely shaped body.
You can roll at nearby foes to attack.
You have a long armoured tail.


   Skills:
 + Level 3.0 Fighting
 + Level 2.0 Long Blades
 + Level 1.6 Dodging
 - Level 3.3 Stealth


You couldn't memorise any spells.
You didn't know any spells.
Your spell library was empty.

Inventory:

Hand Weapons
 a - a +0 falchion (weapon)
Armour
 b - a +0 leather armour (worn)
Wands
 g - a wand of digging (3)
Scrolls
 c - a scroll of fog
 d - a scroll of magic mapping {!r}
 e - a scroll of fear
Potions
 f - a potion of haste {@q3}

Dungeon Overview and Level Annotations

Branches:
Dungeon (5/15)             Temple (1/1) D:5

Altars:

Annotations:
Temple Eustachio

##### ##
#+...+# ..#
#.....# ..#
#..<..# ...+
#....@##...#
#+..o'#....#
#####o...#
#@....#
...........##
#.........#+
###.....###
###+###


You could see an orc priest.


Message History

🤖 Initializing magus.rc ...
Options error: Delay interrupt name "hungry" not recognised. (~/.crawlrc:4988) ✅ Successfully initialized magus.rc [v1.9.10] Welcome, spiderkeys the Palentonga Delver.
Will you be the one to retrieve the awesome Orb of Zot from the depths?
Press ? for a list of commands and other information.
Found a stone staircase leading down.
Okay, then.
There is a stone staircase leading down here.
A hound comes into view.
An orc and a zombie come into view.
Found a leather armour.
Found a staircase to the Ecumenical Temple.
Eustachio the Magnificent comes into view.
He is wielding a +0 rapier.
An orc priest and an orc wizard come into view.
Eustachio shouts!
The orc priest shouts!
The orc wizard shouts!
You hear a shout!
An orc comes into view. It is wielding a +0 mace.
An orc comes into view. It is wielding a +0 short sword.
There is a fountain of clear blue water here.
Eustachio says, "My allies will avenge me."
Eustachio misses you. The orc hits you with a +0 short sword.
There is a staircase to the Ecumenical Temple here. 😮 HP[-5]
You take 5 damage, and now have 14/19 hp.
MASSIVE DAMAGE!! (PAUSE) Eustachio hits you with a +0 rapier.
The orc barely misses you.
You climb downwards.
Welcome to the Ecumenical Temple!
There is a staircase back to the Dungeon here. 😮 HP[-2]
You take 2 damage, and now have 12/19 hp.
You open the door.
The orc priest hits you with a +0 hand axe.
* * * LOW HITPOINT WARNING * * *
😨 HP[-3]
You take 3 damage, and now have 9/19 hp.
There is an open door here.
You hit the orc but do no damage. The orc hits you with a +0 short sword.
* * * LOW HITPOINT WARNING * * *
The orc hits you with a +0 short sword.
* * * LOW HITPOINT WARNING * * *
😱 HP[-5]
You take 5 damage, and now have 4/19 hp.
MASSIVE DAMAGE!! (PAUSE)
You hit the orc but do no damage. You tail-slap the orc.
The orc hits you with a +0 short sword.
* * * LOW HITPOINT WARNING * * *
😱 HP[-2]
You take 2 damage, and now have 2/19 hp.
You hit the orc but do no damage. The orc closely misses you. 😱 HP[+1]
You hit the orc.
You kill the orc!
You barely miss Eustachio.
Eustachio gestures wildly while chanting.
Eustachio blinks!
You closely miss the orc priest.
Your tail-slap misses the orc priest.
The orc priest barely misses you.
You hit the orc priest but do no damage.
The orc priest hits you but does no damage. x2
You hit the orc priest. You tail-slap the orc priest.
The orc priest hits you but does no damage.
You closely miss the orc priest.
The orc priest hits you with a +0 hand axe.
* * * LOW HITPOINT WARNING * * *
😱 HP[-1]
You take 1 damage, and now have 2/19 hp.
You hit the orc priest.
The orc priest hits you with a +0 hand axe.
You die...

Action                   || total
-------------------------++-------
Melee: Falchion          ||    10
       Tailslap          ||     2
Armor: Leather armour    ||     3
Dodge: Dodged            ||     4

Levels and vault maps discovered:
D:5:      layout_loops_ring, elyvilon_altar_1, okawaru_ov_weapons_minmay,
          pdpol_wu_jian_five_deadly_venoms, kennysheep_mini,
          minmay_temple_entry_sparse_star, gammafunk_ghost_cemetery,
          kennysheep_generic_room_3, uniq_eustachio
Temple:   nicolae_temple_figure_eight

Notes
Turn   | Place    | Note
-------+----------+-------------------------------------------
     0 | D:5      | spiderkeys the Palentonga Delver began the quest for the
                  | Orb.
     0 | D:5      | Reached XP level 1. HP: 19/19 MP: 1/1
     0 | D:5      | magus.rc [v1.9.10]
    19 | D:5      | Noticed a hound
    33 | D:5      | Found a staircase to the Ecumenical Temple.
    35 | D:5      | Noticed Eustachio
    36 | D:5      | Noticed an orc wizard
    36 | D:5      | Noticed an orc priest
    41 | Temple   | Entered the Ecumenical Temple
    47 | Temple   | HP: 4/19 [orc (4)]
    55 | Temple   | HP: 2/19 [orc priest (1)]
    56 | Temple   | Slain by an orc priest

Vanquished Creatures
  An orc (Temple)
1 creature vanquished.

Table legend:
 A = Non-vault XP
 B = Vault XP
 C = Vault XP percentage of total XP
 D = Non-vault monster count
 E = Vault monster count
 F = Vault count percentage of total count
                 A         B        C        D         E       F
            +---------+---------+-------+---------+---------+-------
      Total |       3 |       0 |   0.0 |       1 |       0 |   0.0
            +---------+---------+-------+---------+---------+-------
     Temple |       3 |       0 |   0.0 |       1 |       0 |   0.0
            +---------+---------+-------+---------+---------+-------

Illustrated notes

Table legend:
 A = Kills in this place as a percentage of kills in entire the game.
 B = Kills by you in this place as a percentage of kills by you in the entire game.
 C = Kills by friends in this place as a percentage of kills by friends in the entire game.
 D = Other kills in this place as a percentage of other kills in the entire game.
 E = Experience gained in this place as a percentage of experience gained in the entire game.
 F = Experience gained in this place divided by the number of levels of this place that you have seen.
                   A       B       C       D       E      F
               +-------+-------+-------+-------+-------+----------------------
         Total | 100.0 | 100.0 |   N/A |   N/A | 100.0 |   1.5
        Temple | 100.0 | 100.0 |   N/A |   N/A | 100.0 |   3.0
               +-------+-------+-------+-------+-------+----------------------

Table legend: (Time is in decaauts)
 A = Elapsed time spent in this place.
 B = Non-inter-level travel time spent in this place.
 C = Inter-level travel time spent in this place.
 D = Time resting spent in this place.
 E = Time spent auto-exploring this place.
 F = Levels seen in this place.
 G = Mean time per level.
                   A        B        C        D        E       F      G
               +--------+--------+--------+--------+--------+-----+--------+
         Total |     57 |     57 |      0 |      0 |     18 |   2 |   28.5 |
       Dungeon |     41 |     41 |      0 |      0 |     18 |   1 |   41.0 |
        Temple |     16 |     16 |      0 |      0 |      0 |   1 |   16.0 |
               +--------+--------+--------+--------+--------+-----+--------+

Top non-repeatable levels by time:
     D:5: 41 daAuts
  Temple: 16 daAuts
